 Dungeon Crawl Stone Soup version 0.30-a0-718-geaa24f58ff (webtiles) character file.

Game seed: 15440637749645984202

3 demibob the Conjurer (level 1, 0/11 (12) HPs)
             Began as a Tengu Reaver on Jan 26, 2023.
             Slain by a goblin
             ... wielding a +0 club
              (3 damage)
             ... on level 1 of the Dungeon.
             The game lasted 00:00:33 (103 turns).

demibob the Conjurer (Tengu Reaver)                  Turns: 103, Time: 00:00:34

HP:   0/11 (12)     AC:  3    Str: 12    XL:     1   Next: 50%
MP:   4/4           EV: 11    Int: 13    God:
Gold: 0             SH:  0    Dex: 12    Spells: 3/4 levels left

rFire   . . .      SeeInvis .    a - +0 falchion
rCold   . . .      Faith    .    (no shield)
rNeg    . . .      Spirit   .    b - +0 leather armour
rPois   .          Reflect  .    (helmet restricted)
rElec   .          Harm     .    (no cloak)
rCorr   .          Rampage  .    (no gloves)
Will    .....                    (boots unavailable)
Stlth   +                        (no amulet)
HPRegen 0.21/turn                (no ring)
MPRegen 0.09/turn                (no ring)

@: drained
A: beak, talons 3
a: no special abilities


You were on level 1 of the Dungeon.
You visited 1 branch of the dungeon, and saw 1 of its levels.


Innate Abilities, Weirdness & Mutations

You have a beak for a mouth.
You have claws for feet.


   Skills:
 - Level 2.0 Fighting
 + Level 3.5 Long Blades
 - Level 2.1 Dodging
 - Level 2.0 Spellcasting
 - Level 4.0 Conjurations


You had 3 spell levels left.
You knew the following spells:

 Your Spells              Type           Power      Damage    Failure   Level
X - Kiss of Death         Conj/Necr      24%        2d7       14%         1

Your spell library contained the following spells:

 Spells                   Type           Power      Damage    Failure   Level
 Momentum Strike          Conj/Tloc      12%        3d8       22%         2
 Hailstorm                Conj/Ice       6%         3d4       38%         3

Inventory:

Hand Weapons
 a - a +0 falchion (weapon)
Armour
 b - a +0 leather armour (worn)
Scrolls
 d - a scroll of magic mapping {unknown}
Potions
 c - a potion of cancellation {unknown}

Dungeon Overview and Level Annotations

Branches:
Dungeon (1/15)

Altars:

##.##....#.#...#...
..#..#...#... .....
##.#...#..#..##....
.##.#...#.........▒ ▒
##.##......##.....▒>▒▒
.#.#..#...#..#....▒▒.
#..#.#.#..##...#...▒'▒▒..
#.#.†#..#...#...#g.......
.##..#..##......@#.......
.#.#..#..#..##...#...8...
##.##...#....#....#......
..##.##...##.............
#########################


You could see a goblin.


Message History

You see here a bat corpse.
Found an escape hatch in the floor.
The goblin shouts!
An endoplasm comes into view.
The endoplasm quivers.
The endoplasm moves out of view.
A goblin is nearby!
A goblin is nearby!
The endoplasm hits you but does no damage.
You hit the endoplasm but do no damage. You claw the endoplasm.
The endoplasm is lightly wounded.
The endoplasm completely misses you.
You hit the endoplasm but do no damage. You claw the endoplasm.
The endoplasm is almost dead.
The goblin misses you. The endoplasm freezes you.
You are frozen.
You hit the endoplasm.
You kill the endoplasm!
The goblin hits you with a +0 club.
* * * LOW HITPOINT WARNING * * *
You closely miss the goblin. The goblin hits you but does no damage.
The goblin completely misses you.
You hit the goblin.
The goblin is heavily wounded.
The goblin hits you but does no damage.
You closely miss the goblin.
The goblin is heavily wounded.
The goblin hits you with a +0 club.
You die...

Action                     || total
---------------------------++-------
  Melee: Falchion          ||     8
         Kick              ||     3
   Cast: Kiss of Death     ||     1
 Armour: Leather armour    ||     4
  Dodge: Dodged            ||     6

Levels and vault maps discovered:
D:1:      erik_arrival_cave_to_civilisation [erik_arrival_cave_to_hall],
          layout_basic

Notes
Turn   | Place    | Note
-------+----------+-------------------------------------------
     0 | D:1      | demibob the Tengu Reaver began the quest for the Orb.
     0 | D:1      | Reached XP level 1. HP: 12/12 MP: 4/4
   103 | D:1      | Slain by a goblin

Vanquished Creatures
  An endoplasm (D:1)
  2 bats (D:1)
3 creatures vanquished.

Table legend: (Time is in decaauts)
 A = Elapsed time spent in this place.
 B = Non-inter-level travel time spent in this place.
 C = Inter-level travel time spent in this place.
 D = Time resting spent in this place.
 E = Time spent auto-exploring this place.
 F = Levels seen in this place.
 G = Mean time per level.
                   A        B        C        D        E       F      G
               +--------+--------+--------+--------+--------+-----+--------+
         Total |    104 |    104 |      0 |      0 |     83 |   1 |  104.0 |
       Dungeon |    104 |    104 |      0 |      0 |     83 |   1 |  104.0 |
               +--------+--------+--------+--------+--------+-----+--------+

Top non-repeatable levels by time:
     D:1: 104 daAuts

Table legend:
 A = Non-vault XP
 B = Vault XP
 C = Vault XP percentage of total XP
 D = Non-vault monster count
 E = Vault monster count
 F = Vault count percentage of total count
                 A         B        C        D         E       F
            +---------+---------+-------+---------+---------+-------
      Total |       3 |       2 |  40.0 |       2 |       1 |  33.3
            +---------+---------+-------+---------+---------+-------
        D:1 |       3 |       2 |  40.0 |       2 |       1 |  33.3
            +---------+---------+-------+---------+---------+-------
